 Dungeon Crawl Stone Soup version 0.19-a0-376-gf780d9b (webtiles) character file.

8517 McCoppin the Dancer (level 11, -1/88 HPs)
             Began as a Demonspawn Gladiator on May 31, 2016.
             Was an Initiate of Ukayaw.
             Succumbed to a black mamba's poison
             ... on level 1 of the Lair of Beasts.
             The game lasted 00:34:43 (13644 turns).

McCoppin the Dancer (Demonspawn Gladiator)         Turns: 13644, Time: 00:34:44

Health: -1/88      AC: 19    Str: 19    XL:     11   Next: 10%
Magic:  18/21      EV: 16    Int: 15    God:    Ukayaw [......]
Gold:   182        SH:  0    Dex: 19    Spells: 0 memorised, 10 levels left

rFire  + . .     SeeInvis .     a - +1 war axe
rCold  + . .     Gourm    .     o - +5 scale mail "Tiegrat" {Int+4}
rNeg   . . .     Faith    .     (no shield)
rPois  .         Spirit   .     c - +1 helmet
rElec  .         Dismiss  .     (no cloak)
rCorr  .         Reflect  .     e - +0 pair of gloves
SustAt .         Harm     .     (no boots)
MR     +....     Rnd*Rage +     (no amulet)
Stlth  ++++......               H - +3 ring of protection
                                k - ring of stealth

@: agile, lethally poisoned (-1 -> -50), flying, somewhat resistant to hostile
enchantments, stealthy
A: talons 2, yellow scales 1, berserk 1, clever 1, cold resistance 1, fire
resistance 1, magic resistance 1, nightstalker 2, robust 1, flame cloud immunity
a: Renounce Religion


You were on level 1 of the Lair of Beasts.
You worshipped Ukayaw.
Ukayaw was noncommittal.
You were near starving.

You visited 2 branches of the dungeon, and saw 11 of its levels.
You also visited: Ossuary.

You collected 425 gold pieces.
You spent 243 gold pieces at shops.

Inventory:

Hand Weapons
 a - a +1 war axe (weapon)
 z - a +1 great mace of crushing
Missiles
 d - 2 throwing nets (quivered)
Armour
 b - a +0 leather armour
 c - a +1 helmet (worn)
 e - a +0 pair of gloves (worn)
 f - a +0 helmet
 o - the +5 scale mail "Tiegrat" (worn) {Int+4}
   (You bought it in a shop on level 8 of the Dungeon)

   It affects your intelligence (+4).
 t - a +0 chain mail
 J - the +1 chain mail of the Elephant {rCorr Dex+4}
   (You found it on level 9 of the Dungeon)

   It affects your dexterity (+4).
   It protects you from acid and corrosion.
 T - the +0 ring mail of Altruism {rElec rF++ MR+ Str-3 Stlth-}
   (You found it on level 1 of the Lair of Beasts)

   It affects your strength (-3).
   It greatly protects you from fire.
   It insulates you from electricity.
   It affects your resistance to hostile enchantments.
   It makes you less stealthy.
Jewellery
 k - a ring of stealth (left hand)
 D - an uncursed ring of wizardry
 E - a +2 ring of strength
 H - a +3 ring of protection (right hand)
Wands
 h - a wand of lightning (3/15)
 j - a wand of iceblast (4/15)
 p - a wand of disintegration (16/24)
 u - a wand of digging (7/24)
 v - a wand of teleportation (0/9)
 x - a wand of disintegration (8/24)
 R - a wand of lightning (2/15)
 W - a wand of lightning (6/15)
Scrolls
 l - 3 scrolls of teleportation
 m - 5 scrolls of remove curse
 n - a scroll of enchant weapon
 s - 2 scrolls of torment
 y - 2 scrolls of recharging
 B - 2 scrolls of vulnerability
 L - a scroll of fog
 M - a scroll of enchant armour
 Q - a scroll of random uselessness {unknown}
 S - a scroll of holy word
Potions
 g - a potion of degeneration
 r - a potion of resistance
 A - a potion of cancellation
 I - 2 potions of brilliance
 O - a potion of might {unknown}
 P - a potion of agility
 U - a potion of cure mutation {unknown}
Books
 i - a book of Enchantments

   Spells                             Type                      Level
   a - Cause Fear                     Hexes                        4
   b - Yara's Violent Unravelling     Hexes/Transmutation          5
   c - Silence                        Hexes/Air                    5
   d - Deflect Missiles               Charms/Air                   6
   e - Haste                          Charms                       6
   f - Discord                        Hexes                        8
 F - a Grand Grimoire

   Spells                             Type                      Level
   a - Monstrous Menagerie            Summoning                    7
   b - Summon Greater Demon           Summoning                    7
   c - Malign Gateway                 Summoning/Translocation      7
   d - Summon Horrible Things         Summoning                    8
Comestibles
 q - 8 beef jerkies
 w - 4 bread rations
 K - 8 slices of pizza
 N - 2 meat rations


   Skills:
 - Level 5.5 Fighting
 + Level 11.5 Axes
 - Level 1.7 Throwing
 - Level 2.6 Dodging
 + Level 13.6 Invocations


You had 10 spell levels left.
You didn't know any spells.

Dungeon Overview and Level Annotations

Branches:
Dungeon (10/15)            Temple (0/1) D:7            Lair (1/8) D:9
    Orc: D:9-12

Altars:
Ashenzari
Dithmenos
Fedhas
Gozag
Kikubaaqudgha
Nemelex Xobeh
Pakellas
Qazlal
Ru
Sif Muna
Ukayaw
Xom
Yredelemnul
The Shining One

Shops:
D:8 ([%

Annotations:
D:5 p0werm0de's ghost, novice DsCK
Lair:1 exclusion: hydra


Innate Abilities, Weirdness & Mutations

You have razor-sharp toenails.
You are partially covered in yellow scales. (AC +2)
Your flesh is heat resistant. (rF+)
You are significantly more attuned to the shadows.
You are immune to clouds of flame.
You tend to lose your temper in combat.
Your mind is acute. (Int +2)
Your flesh is cold resistant. (rC+)
You are resistant to hostile enchantments. (MR+)
You are robust. (+10% HP)


Message History

You fly up into the air.
* * * LOW HITPOINT WARNING * * *
You feel very sick. The black mamba barely misses you.
The black mamba bites you but does no damage.
It was a potion of agility.
You feel agile all of a sudden.
* * * LOW HITPOINT WARNING * * *
You feel very sick. The black mamba bites you!
* * * LOW HITPOINT WARNING * * *
You are more poisoned.
The black mamba poisons you! The black mamba closely misses you.
Okay, then.
Okay, then.
You stomp with the beat, sending a shockwave through the revelers around you!
The black mamba is almost dead.
You feel somewhat more hungry.
You can no longer stomp with the beat.
You die...

#.# #.# ###.###
####.#...#####
#.##........P####
................##
...###...##....(.##
..## #...####...@S#
###
##..########...P#
## #...#P# ##... P#
##....### .# .#
##.....### # ##
##.P...P### ###
#######.....#######
..#####.#
###......##.######
........##
##..........##.#


You could see a black mamba.

Vanquished Creatures
  Pikel (D:6)
  Joseph (D:7)
  Psyche (D:8)
  3 blink frogs (Lair:1)
  8 yaks
  2 hippogriffs
  Eustachio (D:6)
  A hungry ghost (D:7)
  2 steam dragons
  Grum (Lair:1)
  A human (D:10)
  Menkaure (D:7)
  2 hell hounds (D:9)
  A water moccasin (Lair:1)
  A porcupine (Lair:1)
  2 orc warriors (D:10)
  2 ice beasts
  2 slaves (D:6)
  6 ogres
  3 wolves (Lair:1)
  2 centaurs
  2 crocodiles (Lair:1)
  11 giant frogs
  A scorpion (D:7)
  3 killer bees (D:7)
  5 crimson imps
  2 centaur zombies
  3 giant frog zombies
  A quasit (D:7)
  A hound (D:5)
  2 giant frog skeletons
  A gnoll shaman (D:9)
  4 orc priests
  A jelly (D:9)
  3 iguanas
  10 orc wizards
  4 worker ants
  12 sheep
  A hound skeleton (D:9)
  4 mummies
  A worker ant zombie (D:9)
  14 gnolls
  A howler monkey skeleton (D:5)
  11 adders
  4 shadow imps
  2 adder skeletons
  An adder zombie (Ossuary)
  A worm (D:2)
  4 dart slugs
  8 giant geckos
  35 orcs
  4 giant cockroaches
  2 gnoll zombies (D:4)
  2 hobgoblins
  3 jackals (D:4)
  8 kobolds
  A quokka (D:5)
  A ball python (D:2)
  A ball python zombie (Ossuary)
  7 bats
  A giant gecko zombie (D:8)
  5 giant newts
  6 goblins
  2 kobold zombies (D:4)
  5 rats
245 creatures vanquished.

Vanquished Creatures (collateral kills)
  A killer bee (D:7)
1 creature vanquished.

Vanquished Creatures (others)
  An orc wizard (D:7)
  3 fungi (Lair:1)
  5 plants (Lair:1)
  2 withered plants (Ossuary)
11 creatures vanquished.

Grand Total: 257 creatures vanquished

Notes
Turn   | Place    | Note
--------------------------------------------------------------
     0 | D:1      | McCoppin the Demonspawn Gladiator began the quest for the Orb.
     0 | D:1      | Reached XP level 1. HP: 16/16 MP: 1/1
   738 | D:2      | Gained mutation: You are slightly more attuned to the shadows. [demonic ancestry]
   738 | D:2      | Reached XP level 2. HP: 20/23 MP: 2/2
   859 | D:2      | Found a hide-covered altar to Ukayaw.
   866 | D:2      | Became a worshipper of Ukayaw the Reveler
  1144 | D:2      | Reached * piety under Ukayaw
  1252 | D:2      | Gained mutation: Your flesh is heat resistant. (rF+) [demonic ancestry]
  1252 | D:2      | Reached XP level 3. HP: 24/29 MP: 3/3
  1252 | D:2      | Reached ** piety under Ukayaw
  1280 | D:2      | Reached *** piety under Ukayaw
  1704 | D:2      | Reached XP level 4. HP: 32/35 MP: 4/4
  1746 | D:2      | Found a stormy altar of Qazlal.
  2139 | D:3      | Found a sacrificial altar of Ru.
  2898 | D:4      | Found a sand-covered staircase.
  3061 | D:4      | Gained mutation: You have sharp toenails. [demonic ancestry]
  3061 | D:4      | Reached XP level 5. HP: 28/42 MP: 5/5
  3206 | Ossuary  | Entered an ossuary
  3401 | Ossuary  | Reached XP level 6. HP: 23/50 MP: 6/6
  3412 | Ossuary  | Noticed FrancescoMac's ghost (amateur DECj)
  3415 | Ossuary  | Gained mutation: You are resistant to hostile enchantments. (MR+) [potion of mutation]
  3415 | Ossuary  | Gained mutation: Your mind is acute. (Int +2) [potion of mutation]
  3415 | Ossuary  | Gained mutation: Your flesh is cold resistant. (rC+) [potion of mutation]
  3544 | D:4      | Reached skill level 5 in Fighting
  3778 | D:4      | Reached skill level 5 in Axes
  4000 | D:4      | Found an oddly glowing altar of Pakellas.
  4000 | D:4      | Found an opulent altar of Gozag.
  4001 | D:4      | Found a shadowy altar of Dithmenos.
  4282 | D:4      | Found a basalt altar of Yredelemnul.
  4968 | D:5      | Entered Level 5 of the Dungeon
  4975 | D:5      | Noticed an ice beast
  4981 | D:5      | Gained mutation: You are significantly more attuned to the shadows. [demonic ancestry]
  4981 | D:5      | Reached XP level 7. HP: 48/56 MP: 7/7
  5027 | D:5      | Noticed p0werm0de's ghost (novice DsCK)
  5273 | D:5      | Reached skill level 1 in Invocations
  5279 | D:5      | Reached skill level 2 in Invocations
  5492 | D:5      | Found a sparkling altar of Nemelex Xobeh.
  5546 | D:5      | Reached skill level 3 in Invocations
  5734 | D:6      | Reached **** piety under Ukayaw
  5738 | D:6      | Reached skill level 4 in Invocations
  5937 | D:6      | Gained mutation: You have razor-sharp toenails. [demonic ancestry]
  5937 | D:6      | Reached XP level 8. HP: 57/63 MP: 11/11
  6054 | D:6      | Reached skill level 5 in Invocations
  6347 | D:6      | Noticed Eustachio
  6355 | D:6      | Killed Eustachio
  6355 | D:6      | Reached skill level 6 in Invocations
  6403 | D:6      | Noticed Pikel
  6418 | D:6      | Killed Pikel
  6418 | D:6      | Reached skill level 7 in Invocations
  6469 | D:6      | Reached skill level 8 in Invocations
  6469 | D:6      | Gained mutation: You are partially covered in yellow scales. (AC +2) [demonic ancestry]
  6469 | D:6      | Reached XP level 9. HP: 43/68 MP: 13/15
  6767 | D:7      | Noticed a white ugly thing
  7367 | D:7      | Found a staircase to the Ecumenical Temple.
  7413 | D:7      | Noticed Joseph
  7437 | D:7      | Killed Joseph
  7437 | D:7      | Reached skill level 9 in Invocations
  8078 | D:7      | Reached skill level 10 in Invocations
  8359 | D:7      | Noticed Menkaure
  8368 | D:7      | Killed Menkaure
  8738 | D:7      | Found a blossoming altar of Fedhas.
  8740 | D:7      | Found a deep blue altar of Sif Muna.
  8741 | D:7      | Found a shimmering altar of Xom.
  8741 | D:7      | Found a shattered altar of Ashenzari.
  8743 | D:7      | Found an ancient bone altar of Kikubaaqudgha.
  8847 | D:8      | Gained mutation: You tend to lose your temper in combat. [potion of mutation]
  8847 | D:8      | Gained mutation: You are robust. (+10% HP) [potion of mutation]
  8985 | D:8      | Found a basalt altar of Yredelemnul.
  9089 | D:8      | Found a glowing golden altar of the Shining One.
  9265 | D:8      | Found Egyips's Food Shop.
  9294 | D:8      | Noticed Psyche
  9307 | D:8      | Killed Psyche
  9307 | D:8      | Reached skill level 11 in Invocations
  9307 | D:8      | Reached XP level 10. HP: 17/81 MP: 18/18
  9761 | D:8      | Found Myerr's Weapon Shoppe.
  9839 | D:8      | Found Icyhuipn's Antique Armour Shoppe.
  9842 | D:8      | Bought an agate-studded scale mail for 243 gold pieces
  9852 | D:8      | Identified the +5 scale mail "Tiegrat" {Int+4} (You bought it in a shop on level 8 of the Dungeon)
 10130 | D:9      | Got a dazzling chain mail
 10148 | D:9      | Identified the +1 chain mail of the Elephant {rCorr Dex+4} (You found it on level 9 of the Dungeon)
 10166 | D:9      | Reached skill level 10 in Axes
 10175 | D:9      | Reached ***** piety under Ukayaw
 10540 | D:9      | Found a staircase to the Lair.
 10997 | D:9      | Reached skill level 12 in Invocations
 11087 | D:10     | Entered Level 10 of the Dungeon
 11441 | D:10     | Found a shattered altar of Ashenzari.
 12064 | Lair:1   | Entered Level 1 of the Lair of Beasts
 12213 | Lair:1   | Noticed a five-headed hydra
 12476 | Lair:1   | Reached skill level 13 in Invocations
 12535 | Lair:1   | Gained mutation: You are immune to clouds of flame. [demonic ancestry]
 12535 | Lair:1   | Reached XP level 11. HP: 11/88 MP: 7/21
 13024 | Lair:1   | Noticed Grum
 13045 | Lair:1   | Killed Grum
 13371 | Lair:1   | Got a dazzling ring mail
 13382 | Lair:1   | Identified the cursed +0 ring mail of Altruism {rElec rF++ MR+ Str-3 Stlth-} (You found it on level 1 of the Lair of Beasts)
 13643 | Lair:1   | HP: 3/88 [black mamba (10)]
 13644 | Lair:1   | Succumbed to a black mamba's poison

Vault maps used:
D:1:      dpeg_arrival_three_same_balls, kennysheep_decorative_pillar,
          minmay_misc_feat_x
D:2:      lemuel_round_altar, nicolae_qazlal_general_emergency
D:3:      nicolae_ru_path_of_blood
D:4:      lemuel_zombie_altar_yredelemnul, gammafunk_temple_overflow_claw,
          nicolae_ossuary_entry_giza
D:5:      kennysheep_little_box, first_bread, guppyfry_early_orc_mine
D:6:      uniq_eustachio, uniq_pikel
D:7:      minitemple, minmay_temple_entry_statues_pillars, uniq_menkaure,
          uniq_joseph
D:8:      lemuel_round_altar, basic_altar, serial_shops, shop_fountains,
          shop_statue, nicolae_shop_window_shopping, uniq_psyche
D:9:      minmay_lair_entry_lava
D:10:     grunt_livestock, evilmike_ruin_ashenzari
Lair:1:   uniq_grum
Ossuary:  ossuary_zaba_flooded

Skill      XL: |  1  2  3  4  5  6  7  8  9 10 |
---------------+-------------------------------+-----
Axes           | 3 4 5 6 8 9 11 | 11.5
Fighting       | 3 4 5 |  5.5
Invocations    | 4 8 11 13 | 13.6
Throwing       | |  1.7
Dodging        | |  2.6

Action                   |  1- 3 |  4- 6 |  7- 9 | 10-12 || total
-------------------------+-------+-------+-------+-------++-------
Melee: War axe           |    75 |   266 |   329 |   339 ||  1009
       Kick              |       |    37 |    88 |   111 ||   236
Throw: Throwing net      |       |     1 |       |       ||     1
Invok: Line Pass         |       |     2 |     3 |     6 ||    11
       Stomp             |       |       |     2 |     9 ||    11
Evoke: Wand              |       |       |     1 |     1 ||     2
  Use: Scroll            |     2 |     5 |     3 |     4 ||    14
       Potion            |     1 |     5 |     4 |     7 ||    17
 Stab: Sleeping          |     1 |    11 |       |     8 ||    20
       Paralysed         |     1 |     3 |     6 |    18 ||    28
       Distracted        |       |       |     2 |       ||     2
       Confused          |       |       |     2 |       ||     2
  Eat: Bread ration      |     1 |       |       |     1 ||     2
       Chunk             |       |     5 |     2 |     8 ||    15
       Royal jelly       |       |     1 |       |       ||     1
       Meat ration       |       |     1 |     3 |     1 ||     5
       Fruit             |       |       |     5 |     1 ||     6
Armor: Leather armour    |    12 |     7 |       |       ||    19
       Skin              |    12 |    25 |       |       ||    37
       Chain mail        |       |   150 |   238 |     5 ||   393
       Scale mail        |       |       |       |   198 ||   198
Dodge: Dodged            |    50 |    95 |   148 |   185 ||   478
